 Dungeon Crawl Stone Soup version 0.30-b1-2-g02819fbbbe (webtiles) character file.

Game seed: 2440452812565246619

9 Alarkh the Insei (level 2, 24/24 HPs)
             Began as a Demonspawn Chaos Knight on May 21, 2023.
             Was a Plaything of Xom.
             Got out of the dungeon alive.
             The game lasted 00:00:16 (309 turns).

Alarkh the Insei (Demonspawn Chaos Knight)           Turns: 309, Time: 00:00:17

Health: 24/24      AC:  5    Str: 12    XL:     2   Next: 3%
Magic:  2/2        EV: 11    Int: 13    God:    Xom [*.....]
Gold:   24         SH:  0    Dex: 12    Spells: 1/1 levels left

rFire   . .          .
                       - Unarmed
rCold   . . .        (no shield)
rNeg    . . .        a - +2 leather armour
rPois   .            (no helmet)
rElec   .            (no cloak)
rCorr   .            (no gloves)
SInv    .            (no boots)
Will    .....        (no amulet)
Stlth   +            (no ring)
HPRegen 0.24/turn    (no ring)
MPRegen 0.08/turn

%: no passive effects
@: no status effects
A: sturdy frame 1
a: Renounce Religion


You escaped.
You worshipped Xom.
You were a special plaything of Xom.
You visited 1 branch of the dungeon, and saw 1 of its levels.

You collected 24 gold pieces.

Inventory:

Armour
 a - a +2 leather armour (worn)
Scrolls
 c - a scroll of enchant armour {unknown}
 e - a scroll of teleportation {unknown}
Potions
 d - a potion of curing {unknown}
Miscellaneous
 b - a piece from Xom's chessboard (15/15) (quivered)


   Skills:
 - Level 3.0 Fighting
 - Level 1.7 Armour
 - Level 0.8 Dodging
 + Level 3.2 Unarmed Combat


You had one spell level left.
You didn't know any spells.
Your spell library was empty.

Dungeon Overview and Level Annotations

Branches:
Dungeon (1/15)

Altars:


Innate Abilities, Weirdness & Mutations

Your movements are slightly less encumbered by armour. (ER -2)


Message History

No target in view!
No target in view!
No target in view!
No target in view!
No target in view!
No target in view!
No target in view!
You now have 24 gold pieces (gained 13).
As you open the door, it creaks loudly!
A rat comes into view.
A rat is nearby!
You hit the rat.
You kill the rat!
You open the door.
A rat comes into view.
A rat is nearby!
There is an open door here.
The helpless rat fails to defend itself.
You hit the rat.
You kill the rat!
You have reached level 2!
Your demonic ancestry asserts itself...
You feel less encumbered by your armour.
You open the door.
A rat comes into view.
There is an open door here.
The helpless rat fails to defend itself.
You hit the rat.
You kill the rat!
No target in view!
No target in view!
No target in view!
No target in view!
No target in view!
No target in view!
You see here a bat skeleton.
There is a fountain of clear blue water here.
There is a staircase leading out of the dungeon here.
Are you sure you want to leave the Dungeon?
This will make you lose the game!
You have escaped!

..#.##.# #.###.. ## ##
....#.# #...... §§§
♣.♣♣.#..#.# ######.
§§♣♣.♣.♣.♣8#.# #.
♣§♣∩.∩.♣♣...########.
♣§§...∩♣.♣♣..........
♣.♣♣∩§.⌠..∩.♣÷.#########
♣♣.∩.......∩.♣♣#
.....⌠.@.⌠..♣♣
♣.♣∩.).....∩♣
♣.∩..⌠..∩.♣ ♣.♣∩...∩♣.♣
♣.♣.♣∩.∩.♣♣.. #§8.♣..♣♣.
.## ...#.♣♣. .... ##.##
# .##.#


There were no monsters in sight!

Vanquished Creatures
  2 bats (D:1)
  A giant cockroach (D:1)
  A hobgoblin (D:1)
  A quokka (D:1)
  3 rats (D:1)
8 creatures vanquished.

Notes
Turn   | Place    | Note
-------+----------+-------------------------------------------
     0 | D:1      | Alarkh the Demonspawn Chaos Knight began the quest for the
                  | Orb.
     0 | D:1      | Reached XP level 1. HP: 18/18 MP: 1/1
     1 | D:1      | XOM: silly message
    50 | D:1      | XOM: silly message
   166 | D:1      | Gained mutation: Your movements are slightly less
                  | encumbered by armour. (ER -2) [demonic ancestry]
   166 | D:1      | Reached XP level 2. HP: 24/24 MP: 2/2
   309 | D:$      | Got out of the dungeon alive.

Illustrated notes

Levels and vault maps discovered:
D:1:      heliophobic_arrival_enchanted_forest, layout_basic,
          ebering_ecumenical_altar_sacrificial, minmay_rat_gold_closets

Skill      XL: |  1 |
---------------+----+-----
Unarmed Combat | 3 |  3.2
Fighting       | |  3.0
Armour         | |  1.7
Dodging        | |  0.8

Action                     || total
---------------------------++-------
  Melee: Unarmed           ||    27
         Punch             ||     1
   Stab: Sleeping          ||     2
 Armour: Leather armour    ||     4
  Dodge: Dodged            ||    16
